Kings vs Canucks
Created - April 1, 2018 at 19:03
Goals
|
Kings |
1 |
1 |
0 |
2 |
Canucks |
2 |
1 |
1 |
4 |
|
Shots
|
Kings |
13 |
13 |
4 |
30 |
Canucks |
8 |
8 |
6 |
22 |
|
1st period
1. Kings , Johnny Gaudreau 23 (Anze Kopitar 49, Patric Hornqvist 42) at 9:04
2. Canucks , Clarke MacArthur 26 (Mike Ribeiro 54, Brad Boyes 46) at 9:58
3. Canucks , Brad Boyes 49 (Jamie McBain 44, Alex Goligoski 50) at 15:56
Penalties :
Patric Hornqvist (LAK) for Holding (Minor) at 5:41, Chris Higgins (Van) for High sticking (Minor) at 12:33, Steve Montador (LAK) for Cross-checking (Minor) at 16:10, Rostislav Olesz (LAK) for Hooking (Minor) at 18:37
2nd period
4. Kings , Anze Kopitar 39 (Johnny Gaudreau 27, Patric Hornqvist 43) at 3:39
5. Canucks , Brad Boyes 50 (Mike Ribeiro 55) at 12:24 (PP)
Penalties :
Jamie McBain (Van) for Cross-checking (Minor) at 9:57, Dave Tanabe (LAK) for Hooking (Minor) at 12:15, Patric Hornqvist (LAK) for High sticking (Minor) at 15:43, Michael Haley (LAK) for Hooking (Minor) at 19:26
3rd period
6. Canucks , Jiri Hudler 19 (Chris Higgins 20) at 1:03 (PP)
Penalties :
Scott Gomez (LAK) for Hooking (Minor) at 3:21, Michal Neuvirth (Van) for Slashing (Double Minor) at 9:35 - Jiri Hudler served the penalty
Goalie Stats
Frederik Andersen (LAK), 13 saves from 17 shots - (0.765), L, 17-23-2, 41:03 minutes
Dan Ellis (LAK), 5 saves from 5 shots - (1.000), 18:57 minutes
Michal Neuvirth (Van), 28 saves from 30 shots - (0.933), W, 43-10-6, 60:00 minutes
Players Stats for Kings
Player Name G A P +/- PIM S H SB GA TA FO MP PP MP PK MP
------------------------------------------------------------------------------------
Anze Kopitar 1 1 2 1 0 5 2 1 0 0 6/12 18:21 3:46 1:57
Cam Janssen 0 0 0 0 0 0 0 0 0 0 0/0 8:12 0:35 0:00
Dave Tanabe 0 0 0 1 2 3 1 0 0 0 0/0 18:42 3:44 0:43
Drew Doughty 0 0 0 -1 0 3 2 1 1 0 0/0 23:00 4:07 5:16
Jean-Gabriel Pageau 0 0 0 0 0 0 0 0 1 0 4/5 12:13 3:15 0:35
Johnny Gaudreau 1 1 2 1 0 4 1 0 0 0 1/1 17:32 3:48 1:17
Jon Merrill 0 0 0 -1 0 0 0 3 0 1 0/0 21:51 0:06 6:58
Michael Frolik 0 0 0 -1 0 1 1 0 0 0 0/0 15:08 3:15 0:00
Michael Haley 0 0 0 0 2 0 2 0 0 0 0/0 11:00 0:17 3:01
Michal Handzus 0 0 0 0 0 2 1 1 0 0 1/2 10:32 0:13 3:14
Patric Hornqvist 0 2 2 1 4 2 3 1 1 0 0/1 16:01 3:44 0:00
Patrick Eaves 0 0 0 0 0 0 1 0 0 0 0/0 8:15 0:00 0:00
Radko Gudas 0 0 0 0 0 2 0 1 0 0 0/0 16:47 0:00 4:43
Raphael Diaz 0 0 0 0 0 0 2 0 0 0 0/0 15:00 3:44 0:00
Rostislav Olesz 0 0 0 -1 2 3 0 0 0 1 0/0 16:17 3:15 0:27
Scott Gomez 0 0 0 -1 2 3 0 1 0 1 10/17 19:04 0:52 5:48
Simon Gagné 0 0 0 0 0 1 1 1 0 0 4/10 15:39 0:51 7:03
Steve Montador 0 0 0 1 2 1 1 1 0 1 0/0 24:38 4:13 5:42
Players Stats for Canucks
Player Name G A P +/- PIM S H SB GA TA FO MP PP MP PK MP
------------------------------------------------------------------------------------
Alex Goligoski 0 1 1 1 0 3 3 0 1 0 0/0 28:35 7:31 3:16
Ben Lovejoy 0 0 0 -1 0 1 1 0 1 0 0/0 20:15 4:10 4:00
Brad Boyes 2 1 3 2 0 4 1 2 1 1 1/1 23:47 6:45 3:46
Chris Higgins 0 1 1 -1 2 4 1 0 0 1 0/0 17:20 4:34 1:28
Clarke MacArthur 1 0 1 2 0 1 3 0 0 0 1/2 23:38 6:45 2:58
Danny DeKeiser 0 0 0 0 0 0 1 2 0 1 0/0 20:02 7:31 0:41
Darren Helm 0 0 0 0 0 0 0 0 0 0 0/1 8:46 0:00 1:37
Jamie McBain 0 1 1 1 2 2 1 3 0 0 0/0 23:29 4:01 2:18
Jiri Hudler 1 0 1 -1 0 2 2 0 1 0 0/0 16:03 4:49 0:00
Martins Karsums 0 0 0 0 0 0 3 0 0 0 0/0 7:08 0:07 0:00
Matt Stajan 0 0 0 -1 0 2 2 0 0 0 2/5 11:07 0:22 0:13
Maxim Lapierre 0 0 0 -1 0 0 3 0 0 0 0/3 8:10 0:00 0:00
Mike Ribeiro 0 2 2 2 0 1 3 0 0 0 18/35 23:52 6:45 3:49
Nik Antropov 0 0 0 0 0 1 0 0 0 0 0/1 13:30 4:34 1:36
Peter Prucha 0 0 0 -1 0 1 1 0 0 0 0/0 8:10 0:00 0:00
Ryan Hollweg 0 0 0 -1 0 0 1 1 0 0 0/0 10:41 0:22 0:27
Sami Lepisto 0 0 0 -1 0 0 0 1 0 0 0/0 13:53 0:00 1:39
Shaone Morrisonn 0 0 0 0 0 0 1 1 0 0 0/0 13:35 0:09 4:00
3 Stars
1 - Brad Boyes (Van)
2 - Mike Ribeiro (Van)
3 - Clarke MacArthur (Van)
Power Play
Kings - 0 on 3 Attempt(s) - 0.00%
Canucks - 2 on 7 Attempt(s) - 28.57%
Penalty Kill
Kings - 5 on 7 Attempt(s) - 71.43%
- Score 0 goal in Penalty Kill
Canucks - 3 on 3 Attempt(s) - 100.00%
- Score 0 goal in Penalty Kill
Team Stat
Kings - Hits : 18 - Faceoff Wins : 26 - Blocked Shots : 11 - Penalty Minutes : 14
Canucks - Hits : 27 - Faceoff Wins : 22 - Blocked Shots : 10 - Penalty Minutes : 8
Official
Referees : Rooney Chris and Dwyer Gord
Linesman : Lyle Seitz and Shane Heyer
Game Notes
Dan Ellis enters game at 1:03 of 3rd period
Finance
Level 1 -- Attendance: 5535 (92.25%) -- Ticket Income $498,150
Level 2 -- Attendance: 5000 (100.00%) -- Ticket Income $265,000
Level 3 -- Attendance: 1841 (92.05%) -- Ticket Income $62,594
Level 4 -- Attendance: 4000 (100.00%) -- Ticket Income $84,000
Luxury Box -- Attendance: 961 (96.10%) -- Ticket Income $99,944
Game was played at the Budweiser Coliseum.
Total Attendance: 17337 (96.32%)
Total Ticket Income: $1,009,688
Other Income: $151,453
Total Income: $1,161,141
Kings
5 vs 5 Forward
Center Left Wing Right Wing Time % Phy DF OF
1 Anze Kopitar Johnny Gaudreau Patric Hornqvist 35 1 2 2
2 Scott Gomez Rostislav Olesz Michael Frolik 35 1 2 2
3 Jean-Gabriel Pageau Simon Gagné Patrick Eaves 25 1 2 2
4 Michal Handzus Michael Haley Cam Janssen 5 3 2 0
5 vs 5 Defense
Defense Defense Time % Phy DF OF
1 Steve Montador Dave Tanabe 40 1 3 1
2 Drew Doughty Jon Merrill 35 1 3 1
3 Raphael Diaz Radko Gudas 25 1 3 1
4 Drew Doughty Jon Merrill 0 1 3 1
PowerPlay Forward
Center Left Wing Right Wing Time % Phy DF OF
1 Anze Kopitar Johnny Gaudreau Patric Hornqvist 60 1 2 2
2 Jean-Gabriel Pageau Rostislav Olesz Michael Frolik 40 1 2 2
PowerPlay Defense
Defense Defense Time % Phy DF OF
1 Steve Montador Drew Doughty 60 1 2 2
2 Dave Tanabe Raphael Diaz 40 1 2 2
Penalty Kill 4 Players Forward
Center Wing Time % Phy DF OF
1 Simon Gagné Scott Gomez 60 1 3 1
2 Michal Handzus Michael Haley 40 1 3 1
Penalty Kill 4 Players Defense
Defense Defense Time % Phy DF OF
1 Jon Merrill Steve Montador 60 1 4 0
2 Drew Doughty Radko Gudas 40 1 4 0
Penalty Kill - 3 Players Forward
Forward Time % Phy DF OF
1 Anze Kopitar 60 1 3 1
2 Michal Handzus 40 1 3 1
Penalty Kill - 3 Players Defense
Defense Defense Time % Phy DF OF
1 Jon Merrill Drew Doughty 60 1 4 0
2 Steve Montador Dave Tanabe 40 1 4 0
4 vs 4 Forward
Center Wing Time % Phy DF OF
1 Anze Kopitar Michael Frolik 60 1 2 2
2 Johnny Gaudreau Patric Hornqvist 40 1 2 2
4 vs 4 Defense
Defense Defense Time % Phy DF OF
1 Drew Doughty Jon Merrill 60 0 3 2
2 Steve Montador Dave Tanabe 40 0 3 2
Last Minutes Offensive
Center Left Wing Right Wing Defense Defense
Anze Kopitar Johnny Gaudreau Patric Hornqvist Drew Doughty Michael Frolik
Last Minutes Defensive
Center Left Wing Right Wing Defense Defense
Anze Kopitar Simon Gagné Michael Frolik Drew Doughty Jon Merrill
Goaltenders
Starting : Frederik Andersen
Backup : Dan Ellis
Extra Forwards
Normal : Anze Kopitar, Johnny Gaudreau, Patric Hornqvist - PP : Scott Gomez, Simon Gagné - PK : Anze Kopitar
Extra Defensemen
Normal : Drew Doughty, Radko Gudas, Steve Montador - PP : Jon Merrill - PK : Drew Doughty, Radko Gudas
Penalty Shots
Anze Kopitar, Michael Frolik, Patric Hornqvist, Simon Gagné, Michal Handzus
Scratches
None
Canucks
5 vs 5 Forward
Center Left Wing Right Wing Time % Phy DF OF
1 Mike Ribeiro Clarke MacArthur Brad Boyes 60 0 0 5
2 Matt Stajan Chris Higgins Jiri Hudler 22 0 0 5
3 Maxim Lapierre Ryan Hollweg Peter Prucha 14 0 2 3
4 Nik Antropov Darren Helm Martins Karsums 4 0 3 2
5 vs 5 Defense
Defense Defense Time % Phy DF OF
1 Jamie McBain Alex Goligoski 62 0 0 5
2 Ben Lovejoy Sami Lepisto 20 0 0 5
3 Shaone Morrisonn Danny DeKeiser 12 0 3 2
4 Alex Goligoski Danny DeKeiser 6 0 0 5
PowerPlay Forward
Center Left Wing Right Wing Time % Phy DF OF
1 Mike Ribeiro Clarke MacArthur Brad Boyes 80 0 0 5
2 Nik Antropov Chris Higgins Jiri Hudler 20 0 0 5
PowerPlay Defense
Defense Defense Time % Phy DF OF
1 Danny DeKeiser Alex Goligoski 80 0 0 5
2 Ben Lovejoy Jamie McBain 20 0 0 5
Penalty Kill 4 Players Forward
Center Wing Time % Phy DF OF
1 Mike Ribeiro Brad Boyes 60 1 2 2
2 Clarke MacArthur Nik Antropov 40 1 2 2
Penalty Kill 4 Players Defense
Defense Defense Time % Phy DF OF
1 Shaone Morrisonn Ben Lovejoy 60 1 2 2
2 Jamie McBain Alex Goligoski 40 1 2 2
Penalty Kill - 3 Players Forward
Forward Time % Phy DF OF
1 Mike Ribeiro 60 1 2 2
2 Brad Boyes 40 1 2 2
Penalty Kill - 3 Players Defense
Defense Defense Time % Phy DF OF
1 Alex Goligoski Shaone Morrisonn 60 1 2 2
2 Jamie McBain Alex Goligoski 40 1 2 2
4 vs 4 Forward
Center Wing Time % Phy DF OF
1 Mike Ribeiro Brad Boyes 60 0 0 5
2 Clarke MacArthur Nik Antropov 40 1 2 2
4 vs 4 Defense
Defense Defense Time % Phy DF OF
1 Jamie McBain Alex Goligoski 60 0 0 5
2 Ben Lovejoy Alex Goligoski 40 1 2 2
Last Minutes Offensive
Center Left Wing Right Wing Defense Defense
Mike Ribeiro Clarke MacArthur Brad Boyes Alex Goligoski Jamie McBain
Last Minutes Defensive
Center Left Wing Right Wing Defense Defense
Mike Ribeiro Clarke MacArthur Brad Boyes Shaone Morrisonn Alex Goligoski
Goaltenders
Starting : Michal Neuvirth
Backup : Karri Ramo
Extra Forwards
Normal : Matt Stajan, Ryan Hollweg, Clarke MacArthur - PP : Matt Stajan, Ryan Hollweg - PK : Chris Higgins
Extra Defensemen
Normal : Ben Lovejoy, Sami Lepisto, Jamie McBain - PP : Shaone Morrisonn - PK : Sami Lepisto, Jamie McBain
Penalty Shots
Mike Ribeiro, Brad Boyes, Clarke MacArthur, Nik Antropov, Jiri Hudler
Scratches
Jordan LaVallee (Healthy), Stefan Ruzicka (Healthy)
% Time on Ice - Kings
Lines # - Real PCT - Wanted PCT - Time Play
Normal Forward
1 - 30% - 35% - 12:16
2 - 35% - 35% - 14:17
3 - 19% - 25% - 7:41
4 - 15% - 5% - 6:08
Normal Defense
1 - 38% - 40% - 15:24
2 - 36% - 35% - 14:20
3 - 26% - 25% - 10:38
4 - 0% - 0% - 0:00
PP Forward
1 - 59% - 60% - 4:42
2 - 41% - 40% - 3:15
PP Defense
1 - 53% - 60% - 4:13
2 - 47% - 40% - 3:44
PK Forward
1 - 72% - 60% - 8:27
2 - 28% - 40% - 3:14
PK Defense
1 - 66% - 60% - 7:41
2 - 34% - 40% - 4:00
PK3 Forward
1 - 0% - 60%
2 - 0% - 40%
PK3 Defense
1 - 0% - 60%
2 - 0% - 40%
44 Forward
1 - 0% - 60%
2 - 0% - 40%
44 Defense
1 - 0% - 60%
2 - 0% - 40%
Last Minute Offensive - 0:00
Last Minute Defensive - 0:00
Total
Forward - 60:00
Defense - 60:00
|
% Time on Ice - Canucks
Lines # - Real PCT - Wanted PCT - Time Play
Normal Forward
1 - 35% - 60% - 14:15
2 - 29% - 22% - 11:52
3 - 20% - 14% - 8:10
4 - 15% - 4% - 6:05
Normal Defense
1 - 47% - 62% - 18:57
2 - 29% - 20% - 11:40
3 - 22% - 12% - 8:54
4 - 2% - 6% - 0:51
PP Forward
1 - 61% - 80% - 7:07
2 - 39% - 20% - 4:34
PP Defense
1 - 66% - 80% - 7:40
2 - 34% - 20% - 4:01
PK Forward
1 - 80% - 60% - 6:21
2 - 20% - 40% - 1:36
PK Defense
1 - 59% - 60% - 4:41
2 - 41% - 40% - 3:16
PK3 Forward
1 - 0% - 60%
2 - 0% - 40%
PK3 Defense
1 - 0% - 60%
2 - 0% - 40%
44 Forward
1 - 0% - 60%
2 - 0% - 40%
44 Defense
1 - 0% - 60%
2 - 0% - 40%
Last Minute Offensive - 0:00
Last Minute Defensive - 0:00
Total
Forward - 60:00
Defense - 60:00
|
Play by Play
1st period
0:01 of 1st period - Anze Kopitar wins face-off versus Mike Ribeiro in neutral zone.
0:15 of 1st period - Slapshot by Patric Hornqvist.
0:15 of 1st period - Stopped by Michal Neuvirth without a rebound.
0:16 of 1st period - Scott Gomez wins face-off versus Matt Stajan in Canucks zone.
0:19 of 1st period - Slapshot by Drew Doughty.
0:19 of 1st period - Stopped by Michal Neuvirth with a rebound.
0:21 of 1st period - Snap shot by Michael Frolik.
0:21 of 1st period - Shot Misses the Net.
0:31 of 1st period - Wrist shot by Rostislav Olesz.
0:31 of 1st period - Shot Misses the Net.
1:42 of 1st period - Snap shot by Scott Gomez.
1:42 of 1st period - Stopped by Michal Neuvirth with a rebound.
1:44 of 1st period - Slapshot by Steve Montador.
1:44 of 1st period - Shot Blocked by Brad Boyes.
1:46 of 1st period - Slapshot by Steve Montador.
1:46 of 1st period - Stopped by Michal Neuvirth with a rebound.
1:48 of 1st period - Wrist shot by Rostislav Olesz.
1:48 of 1st period - Shot Misses the Net.
1:50 of 1st period - Slapshot by Dave Tanabe.
1:50 of 1st period - Stopped by Michal Neuvirth with a rebound.
1:52 of 1st period - Wrist shot by Scott Gomez.
1:52 of 1st period - Shot Blocked by Brad Boyes.
2:08 of 1st period - Snap shot by Matt Stajan.
2:08 of 1st period - Shot Misses the Net.
2:10 of 1st period - Snap shot by Chris Higgins.
2:10 of 1st period - Shot Misses the Net.
2:12 of 1st period - Snap shot by Matt Stajan.
2:12 of 1st period - Shot Misses the Net.
2:14 of 1st period - Slapshot by Ben Lovejoy.
2:14 of 1st period - Shot Hit the Post.
2:34 of 1st period - Snap shot by Johnny Gaudreau.
2:34 of 1st period - Shot Blocked by Jamie McBain.
2:36 of 1st period - Wrist shot by Anze Kopitar.
2:36 of 1st period - Shot Blocked by Ryan Hollweg.
3:35 of 1st period - Wrist shot by Simon Gagné.
3:35 of 1st period - Stopped by Michal Neuvirth with a rebound.
5:12 of 1st period - Wrist shot by Ryan Hollweg.
5:12 of 1st period - Shot Blocked by Michal Handzus.
5:14 of 1st period - Slapshot by Ben Lovejoy.
5:14 of 1st period - Deflect By Radko Gudas.
5:14 of 1st period - Stopped by Frederik Andersen without a rebound.
5:15 of 1st period - Scott Gomez wins face-off versus Mike Ribeiro in Kings zone.
5:41 of 1st period - Minor Penalty to Patric Hornqvist for Holding.
5:42 of 1st period - Simon Gagné wins face-off versus Mike Ribeiro in Kings zone.
5:53 of 1st period - Wrist shot by Simon Gagné.
5:53 of 1st period - Shot Misses the Net.
6:30 of 1st period - Michael Haley is hit by Mike Ribeiro and loses puck.
6:53 of 1st period - Icing by Chris Higgins.
6:54 of 1st period - Anze Kopitar wins face-off versus Nik Antropov in Canucks zone.
7:41 of 1st period - Penalty to Patric Hornqvist is over, Patric Hornqvist is back on ice.
8:25 of 1st period - Chris Higgins is hit by Michael Haley and loses puck.
9:00 of 1st period - Snap shot by Anze Kopitar.
9:00 of 1st period - Shot Blocked by Sami Lepisto.
9:04 of 1st period - Wrist shot by Johnny Gaudreau.
9:04 of 1st period - Goal by Johnny Gaudreau - Kings : 1 - Canucks : 0.
9:05 of 1st period - Scott Gomez wins face-off versus Mike Ribeiro in neutral zone.
9:10 of 1st period - Wrist shot by Rostislav Olesz.
9:10 of 1st period - Shot Misses the Net.
9:12 of 1st period - Snap shot by Scott Gomez.
9:12 of 1st period - Shot Misses the Net.
9:44 of 1st period - Wrist shot by Chris Higgins.
9:44 of 1st period - Stopped by Frederik Andersen without a rebound.
9:45 of 1st period - Scott Gomez wins face-off versus Mike Ribeiro in Kings zone.
9:58 of 1st period - Snap shot by Clarke MacArthur.
9:58 of 1st period - Goal by Clarke MacArthur - Kings : 1 - Canucks : 1.
9:59 of 1st period - Mike Ribeiro wins face-off versus Scott Gomez in neutral zone.
10:16 of 1st period - Snap shot by Clarke MacArthur.
10:16 of 1st period - Shot Misses the Net.
10:26 of 1st period - Drew Doughty is hit by Matt Stajan and loses puck.
10:35 of 1st period - Wrist shot by Matt Stajan.
10:35 of 1st period - Shot Misses the Net.
10:47 of 1st period - Dave Tanabe is hit by Peter Prucha and loses puck.
11:51 of 1st period - Icing by Johnny Gaudreau.
11:52 of 1st period - Matt Stajan wins face-off versus Anze Kopitar in Kings zone.
11:53 of 1st period - Snap shot by Chris Higgins.
11:53 of 1st period - Shot Blocked by Drew Doughty.
12:05 of 1st period - Wrist shot by Matt Stajan.
12:05 of 1st period - Shot Misses the Net.
12:11 of 1st period - Snap shot by Jiri Hudler.
12:11 of 1st period - Shot Misses the Net.
12:25 of 1st period - Alex Goligoski is hit by Anze Kopitar and loses puck.
12:33 of 1st period - Minor Penalty to Chris Higgins for High sticking.
12:34 of 1st period - Mike Ribeiro wins face-off versus Jean-Gabriel Pageau in Canucks zone.
12:44 of 1st period - Wrist shot by Drew Doughty.
12:44 of 1st period - Stopped by Michal Neuvirth without a rebound.
12:45 of 1st period - Anze Kopitar wins face-off versus Mike Ribeiro in Canucks zone.
13:02 of 1st period - Snap shot by Brad Boyes.
13:02 of 1st period - Stopped by Frederik Andersen with a rebound.
13:16 of 1st period - Wrist shot by Rostislav Olesz.
13:16 of 1st period - Shot Misses the Net.
13:18 of 1st period - Wrist shot by Michael Frolik.
13:18 of 1st period - Stopped by Michal Neuvirth with a rebound.
13:40 of 1st period - Alex Goligoski is hit by Raphael Diaz and loses puck.
14:33 of 1st period - Penalty to Chris Higgins is over, Chris Higgins is back on ice.
14:46 of 1st period - Snap shot by Michal Handzus.
14:46 of 1st period - Shot Blocked by Jamie McBain.
14:48 of 1st period - Snap shot by Radko Gudas.
14:48 of 1st period - Shot Misses the Net.
14:58 of 1st period - Slapshot by Alex Goligoski.
14:58 of 1st period - Shot Blocked by Simon Gagné.
15:00 of 1st period - Slapshot by Jamie McBain.
15:00 of 1st period - Stopped by Frederik Andersen without a rebound.
15:01 of 1st period - Jean-Gabriel Pageau wins face-off versus Maxim Lapierre in Kings zone.
15:06 of 1st period - Shaone Morrisonn is hit by Dave Tanabe and loses puck.
15:27 of 1st period - Jiri Hudler is hit by Michael Frolik and loses puck.
15:34 of 1st period - Wrist shot by Scott Gomez.
15:34 of 1st period - Stopped by Michal Neuvirth with a rebound.
15:36 of 1st period - Slapshot by Radko Gudas.
15:36 of 1st period - Deflect By Chris Higgins.
15:36 of 1st period - Stopped by Michal Neuvirth with a rebound.
15:38 of 1st period - Snap shot by Rostislav Olesz.
15:38 of 1st period - Shot Hit the Post.
15:40 of 1st period - Wrist shot by Scott Gomez.
15:40 of 1st period - Stopped by Michal Neuvirth without a rebound.
15:41 of 1st period - Anze Kopitar wins face-off versus Mike Ribeiro in Canucks zone.
15:48 of 1st period - Wrist shot by Anze Kopitar.
15:48 of 1st period - Stopped by Michal Neuvirth without a rebound.
15:49 of 1st period - Mike Ribeiro wins face-off versus Anze Kopitar in Canucks zone.
15:56 of 1st period - Slapshot by Jamie McBain.
15:56 of 1st period - Deflect By Brad Boyes.
15:56 of 1st period - Goal by Brad Boyes - Kings : 1 - Canucks : 2.
15:57 of 1st period - Scott Gomez wins face-off versus Mike Ribeiro in neutral zone.
16:10 of 1st period - Minor Penalty to Steve Montador for Cross-checking.
16:11 of 1st period - Simon Gagné wins face-off versus Mike Ribeiro in Kings zone.
16:38 of 1st period - Simon Gagné is hit by Chris Higgins and loses puck.
16:43 of 1st period - Wrist shot by Chris Higgins.
16:43 of 1st period - Stopped by Frederik Andersen without a rebound.
16:44 of 1st period - Mike Ribeiro wins face-off versus Simon Gagné in Kings zone.
17:17 of 1st period - Slapshot by Jamie McBain.
17:17 of 1st period - Deflect By Drew Doughty.
17:17 of 1st period - Stopped by Frederik Andersen with a rebound.
17:35 of 1st period - Simon Gagné is hit by Mike Ribeiro and loses puck.
17:50 of 1st period - Michael Haley is hit by Danny DeKeiser and loses puck.
18:10 of 1st period - Penalty to Steve Montador is over, Steve Montador is back on ice.
18:37 of 1st period - Minor Penalty to Rostislav Olesz for Hooking.
18:38 of 1st period - Mike Ribeiro wins face-off versus Simon Gagné in Kings zone.
19:15 of 1st period - Slapshot by Jamie McBain.
19:15 of 1st period - Shot Blocked by Jon Merrill.
Goals for this period are 1 for Kings vs 2 for Canucks.
Shots for this period are 13 for Kings vs 8 for Canucks.
2nd period
0:01 of 2nd period - Mike Ribeiro wins face-off versus Simon Gagné in neutral zone.
0:13 of 2nd period - Slapshot by Steve Montador.
0:13 of 2nd period - Shot Blocked by Danny DeKeiser.
0:37 of 2nd period - Penalty to Rostislav Olesz is over, Rostislav Olesz is back on ice.
1:03 of 2nd period - Slapshot by Chris Higgins.
1:03 of 2nd period - Shot Misses the Net.
1:05 of 2nd period - Slapshot by Alex Goligoski.
1:05 of 2nd period - Stopped by Frederik Andersen without a rebound.
1:06 of 2nd period - Johnny Gaudreau wins face-off versus Mike Ribeiro in Kings zone.
1:18 of 2nd period - Wrist shot by Patric Hornqvist.
1:18 of 2nd period - Stopped by Michal Neuvirth with a rebound.
1:20 of 2nd period - Slapshot by Radko Gudas.
1:20 of 2nd period - Shot Misses the Net.
2:33 of 2nd period - Slapshot by Alex Goligoski.
2:33 of 2nd period - Deflect By Jiri Hudler.
2:33 of 2nd period - Shot Misses the Net.
2:33 of 2nd period - Puck is out of play.
2:34 of 2nd period - Michal Handzus wins face-off versus Matt Stajan in Kings zone.
2:39 of 2nd period - Snap shot by Cam Janssen.
2:39 of 2nd period - Shot Hit the Post.
2:41 of 2nd period - Wrist shot by Dave Tanabe.
2:41 of 2nd period - Stopped by Michal Neuvirth without a rebound.
2:42 of 2nd period - Scott Gomez wins face-off versus Mike Ribeiro in Canucks zone.
2:43 of 2nd period - Wrist shot by Rostislav Olesz.
2:43 of 2nd period - Stopped by Michal Neuvirth with a rebound.
2:57 of 2nd period - Snap shot by Rostislav Olesz.
2:57 of 2nd period - Stopped by Michal Neuvirth with a rebound.
3:37 of 2nd period - Backhand shot by Johnny Gaudreau.
3:37 of 2nd period - Shot Misses the Net.
3:39 of 2nd period - Wrist shot by Anze Kopitar.
3:39 of 2nd period - Goal by Anze Kopitar - Kings : 2 - Canucks : 2.
3:40 of 2nd period - Mike Ribeiro wins face-off versus Scott Gomez in neutral zone.
4:14 of 2nd period - Alex Goligoski is hit by Patrick Eaves and loses puck.
5:12 of 2nd period - Snap shot by Michal Handzus.
5:12 of 2nd period - Stopped by Michal Neuvirth without a rebound.
5:13 of 2nd period - Mike Ribeiro wins face-off versus Michal Handzus in Canucks zone.
5:28 of 2nd period - Snap shot by Drew Doughty.
5:28 of 2nd period - Stopped by Michal Neuvirth without a rebound.
5:29 of 2nd period - Mike Ribeiro wins face-off versus Scott Gomez in Canucks zone.
8:47 of 2nd period - Rostislav Olesz is hit by Mike Ribeiro and loses puck.
8:56 of 2nd period - Slapshot by Radko Gudas.
8:56 of 2nd period - Deflect By Jamie McBain.
8:56 of 2nd period - Stopped by Michal Neuvirth without a rebound.
8:57 of 2nd period - Matt Stajan wins face-off versus Anze Kopitar in Canucks zone.
9:02 of 2nd period - Snap shot by Matt Stajan.
9:02 of 2nd period - Stopped by Frederik Andersen with a rebound.
9:04 of 2nd period - Snap shot by Matt Stajan.
9:04 of 2nd period - Deflect By Chris Higgins.
9:04 of 2nd period - Stopped by Frederik Andersen with a rebound.
9:06 of 2nd period - Slapshot by Danny DeKeiser.
9:06 of 2nd period - Shot Blocked by Anze Kopitar.
9:08 of 2nd period - Slapshot by Chris Higgins.
9:08 of 2nd period - Stopped by Frederik Andersen with a rebound.
9:10 of 2nd period - Slapshot by Shaone Morrisonn.
9:10 of 2nd period - Shot Misses the Net.
9:12 of 2nd period - Slapshot by Danny DeKeiser.
9:12 of 2nd period - Shot Blocked by Patric Hornqvist.
9:14 of 2nd period - Snap shot by Matt Stajan.
9:14 of 2nd period - Stopped by Frederik Andersen without a rebound.
9:15 of 2nd period - Scott Gomez wins face-off versus Mike Ribeiro in Kings zone.
9:26 of 2nd period - Wrist shot by Drew Doughty.
9:26 of 2nd period - Shot Blocked by Jamie McBain.
9:28 of 2nd period - Snap shot by Rostislav Olesz.
9:28 of 2nd period - Stopped by Michal Neuvirth with a rebound.
9:57 of 2nd period - Minor Penalty to Jamie McBain for Cross-checking.
9:58 of 2nd period - Anze Kopitar wins face-off versus Mike Ribeiro in Canucks zone.
10:13 of 2nd period - Wrist shot by Patric Hornqvist.
10:13 of 2nd period - Shot Misses the Net.
11:41 of 2nd period - Icing by Rostislav Olesz.
11:42 of 2nd period - Jean-Gabriel Pageau wins face-off versus Clarke MacArthur in Kings zone.
11:57 of 2nd period - Penalty to Jamie McBain is over, Jamie McBain is back on ice.
12:15 of 2nd period - Minor Penalty to Dave Tanabe for Hooking.
12:16 of 2nd period - Mike Ribeiro wins face-off versus Simon Gagné in Kings zone.
12:24 of 2nd period - Snap shot by Brad Boyes.
12:24 of 2nd period - Goal by Brad Boyes - Kings : 2 - Canucks : 3.
12:25 of 2nd period - Mike Ribeiro wins face-off versus Scott Gomez in neutral zone.
12:38 of 2nd period - Wrist shot by Clarke MacArthur.
12:38 of 2nd period - Shot Blocked by Steve Montador.
12:40 of 2nd period - Slapshot by Brad Boyes.
12:40 of 2nd period - Stopped by Frederik Andersen with a rebound.
13:00 of 2nd period - Snap shot by Anze Kopitar.
13:00 of 2nd period - Shot Misses the Net.
13:06 of 2nd period - Anze Kopitar is hit by Jiri Hudler and loses puck.
13:19 of 2nd period - Snap shot by Simon Gagné.
13:19 of 2nd period - Shot Misses the Net.
13:25 of 2nd period - Snap shot by Patrick Eaves.
13:25 of 2nd period - Shot Blocked by Shaone Morrisonn.
13:45 of 2nd period - Slapshot by Drew Doughty.
13:45 of 2nd period - Deflect By Michal Handzus.
13:45 of 2nd period - Stopped by Michal Neuvirth without a rebound.
13:46 of 2nd period - Scott Gomez wins face-off versus Darren Helm in Canucks zone.
13:51 of 2nd period - Snap shot by Michael Frolik.
13:51 of 2nd period - Shot Misses the Net.
13:57 of 2nd period - Wrist shot by Michael Frolik.
13:57 of 2nd period - Shot Misses the Net.
14:03 of 2nd period - Rostislav Olesz is hit by Alex Goligoski and loses puck.
14:46 of 2nd period - Snap shot by Nik Antropov.
14:46 of 2nd period - Stopped by Frederik Andersen without a rebound.
14:47 of 2nd period - Brad Boyes wins face-off versus Patric Hornqvist in Kings zone.
15:18 of 2nd period - Slapshot by Dave Tanabe.
15:18 of 2nd period - Stopped by Michal Neuvirth with a rebound.
15:27 of 2nd period - Icing by Jamie McBain.
15:28 of 2nd period - Anze Kopitar wins face-off versus Matt Stajan in Canucks zone.
15:29 of 2nd period - Snap shot by Johnny Gaudreau.
15:29 of 2nd period - Stopped by Michal Neuvirth without a rebound.
15:30 of 2nd period - Mike Ribeiro wins face-off versus Anze Kopitar in Canucks zone.
15:30 of 2nd period - Mike Ribeiro is hit by Patric Hornqvist.
15:42 of 2nd period - Snap shot by Brad Boyes.
15:42 of 2nd period - Shot Blocked by Radko Gudas.
15:43 of 2nd period - Minor Penalty to Patric Hornqvist for High sticking.
15:44 of 2nd period - Simon Gagné wins face-off versus Mike Ribeiro in Kings zone.
17:43 of 2nd period - Penalty to Patric Hornqvist is over, Patric Hornqvist is back on ice.
17:52 of 2nd period - Snap shot by Johnny Gaudreau.
17:52 of 2nd period - Stopped by Michal Neuvirth with a rebound.
17:58 of 2nd period - Johnny Gaudreau is hit by Ben Lovejoy and loses puck.
18:55 of 2nd period - Alex Goligoski is hit by Johnny Gaudreau.
19:07 of 2nd period - Michael Haley is hit by Jamie McBain and loses puck.
19:26 of 2nd period - Minor Penalty to Michael Haley for Hooking.
19:27 of 2nd period - Mike Ribeiro wins face-off versus Simon Gagné in Kings zone.
19:53 of 2nd period - Danny DeKeiser is hit by Anze Kopitar and loses puck.
Goals for this period are 1 for Kings vs 1 for Canucks.
Shots for this period are 13 for Kings vs 8 for Canucks.
3rd period
0:01 of 3rd period - Clarke MacArthur wins face-off versus Scott Gomez in neutral zone.
0:08 of 3rd period - Off-side.
0:09 of 3rd period - Scott Gomez wins face-off versus Mike Ribeiro in neutral zone.
0:22 of 3rd period - Slapshot by Alex Goligoski.
0:22 of 3rd period - Shot Misses the Net.
0:26 of 3rd period - Wrist shot by Mike Ribeiro.
0:26 of 3rd period - Shot Blocked by Scott Gomez.
0:28 of 3rd period - Slapshot by Alex Goligoski.
0:28 of 3rd period - Shot Blocked by Jon Merrill.
0:30 of 3rd period - Slapshot by Danny DeKeiser.
0:30 of 3rd period - Shot Misses the Net.
0:32 of 3rd period - Slapshot by Danny DeKeiser.
0:32 of 3rd period - Deflect By Clarke MacArthur.
0:32 of 3rd period - Shot Blocked by Jon Merrill.
0:32 of 3rd period - Puck is out of play.
0:33 of 3rd period - Simon Gagné wins face-off versus Mike Ribeiro in Kings zone.
0:58 of 3rd period - Drew Doughty is hit by Alex Goligoski and loses puck.
1:03 of 3rd period - Snap shot by Chris Higgins.
1:03 of 3rd period - Deflect By Jiri Hudler.
1:03 of 3rd period - Goal by Jiri Hudler - Kings : 2 - Canucks : 4.
1:03 of 3rd period - Dan Ellis enters game.
1:04 of 3rd period - Mike Ribeiro wins face-off versus Anze Kopitar in neutral zone.
1:20 of 3rd period - Snap shot by Anze Kopitar.
1:20 of 3rd period - Deflect By Alex Goligoski.
1:20 of 3rd period - Stopped by Michal Neuvirth with a rebound.
1:30 of 3rd period - Rostislav Olesz is hit by Jiri Hudler and loses puck.
1:37 of 3rd period - Snap shot by Jiri Hudler.
1:37 of 3rd period - Stopped by Dan Ellis with a rebound.
2:54 of 3rd period - Scott Gomez is hit by Brad Boyes.
2:59 of 3rd period - Off-side.
3:00 of 3rd period - Jean-Gabriel Pageau wins face-off versus Maxim Lapierre in neutral zone.
3:07 of 3rd period - Wrist shot by Peter Prucha.
3:07 of 3rd period - Stopped by Dan Ellis without a rebound.
3:08 of 3rd period - Mike Ribeiro wins face-off versus Scott Gomez in Kings zone.
3:09 of 3rd period - Wrist shot by Alex Goligoski.
3:09 of 3rd period - Stopped by Dan Ellis with a rebound.
3:11 of 3rd period - Slapshot by Alex Goligoski.
3:11 of 3rd period - Deflect By Steve Montador.
3:11 of 3rd period - Stopped by Dan Ellis without a rebound.
3:12 of 3rd period - Mike Ribeiro wins face-off versus Scott Gomez in Kings zone.
3:18 of 3rd period - Backhand shot by Mike Ribeiro.
3:18 of 3rd period - Stopped by Dan Ellis without a rebound.
3:19 of 3rd period - Scott Gomez wins face-off versus Mike Ribeiro in Kings zone.
3:21 of 3rd period - Minor Penalty to Scott Gomez for Hooking.
3:22 of 3rd period - Mike Ribeiro wins face-off versus Simon Gagné in Kings zone.
3:42 of 3rd period - Simon Gagné is hit by Alex Goligoski and loses puck.
5:17 of 3rd period - Simon Gagné is hit by Martins Karsums and loses puck.
5:21 of 3rd period - Penalty to Scott Gomez is over, Scott Gomez is back on ice.
5:42 of 3rd period - Dave Tanabe is hit by Maxim Lapierre and loses puck.
5:51 of 3rd period - Peter Prucha is hit by Steve Montador and loses puck.
6:24 of 3rd period - Shaone Morrisonn is hit by Patric Hornqvist and loses puck.
6:37 of 3rd period - Michael Haley is hit by Shaone Morrisonn.
7:23 of 3rd period - Dave Tanabe is hit by Maxim Lapierre and loses puck.
8:08 of 3rd period - Cam Janssen is hit by Clarke MacArthur and loses puck.
8:17 of 3rd period - Mike Ribeiro is hit by Michal Handzus and loses puck.
8:34 of 3rd period - Chris Higgins is hit by Raphael Diaz and loses puck.
8:46 of 3rd period - Off-side.
8:47 of 3rd period - Jean-Gabriel Pageau wins face-off versus Maxim Lapierre in neutral zone.
9:18 of 3rd period - Michael Frolik is hit by Clarke MacArthur and loses puck.
9:31 of 3rd period - Slapshot by Anze Kopitar.
9:31 of 3rd period - Stopped by Michal Neuvirth with a rebound.
9:33 of 3rd period - Slapshot by Anze Kopitar.
9:33 of 3rd period - Shot Blocked by Danny DeKeiser.
9:35 of 3rd period - Wrist shot by Johnny Gaudreau.
9:35 of 3rd period - Stopped by Michal Neuvirth without a rebound.
9:35 of 3rd period - Double Minor Penalty to Michal Neuvirth for Slashing.
9:36 of 3rd period - Mike Ribeiro wins face-off versus Anze Kopitar in Canucks zone.
9:36 of 3rd period - Mike Ribeiro is hit by Drew Doughty.
9:50 of 3rd period - Snap shot by Johnny Gaudreau.
9:50 of 3rd period - Deflect By Anze Kopitar.
9:50 of 3rd period - Stopped by Michal Neuvirth with a rebound.
12:32 of 3rd period - Sami Lepisto is hit by Patric Hornqvist and loses puck.
13:35 of 3rd period - Penalty to Jiri Hudler is over, Jiri Hudler is back on ice.
13:57 of 3rd period - Maxim Lapierre is hit by Simon Gagné and loses puck.
14:12 of 3rd period - Chris Higgins is hit by Michael Haley and loses puck.
14:40 of 3rd period - Michal Handzus is hit by Maxim Lapierre and loses puck.
15:11 of 3rd period - Rostislav Olesz is hit by Matt Stajan and loses puck.
16:11 of 3rd period - Drew Doughty is hit by Clarke MacArthur and loses puck.
16:34 of 3rd period - Wrist shot by Nik Antropov.
16:34 of 3rd period - Shot Misses the Net.
16:52 of 3rd period - Dave Tanabe is hit by Ryan Hollweg and loses puck.
17:51 of 3rd period - Steve Montador is hit by Martins Karsums and loses puck.
18:13 of 3rd period - Mike Ribeiro is hit by Drew Doughty and loses puck.
19:44 of 3rd period - Anze Kopitar is hit by Martins Karsums and loses puck.
Goals for this period are 0 for Kings vs 1 for Canucks.
Shots for this period are 4 for Kings vs 6 for Canucks.
Back to the Top